AoeStats
← MacFer90

Arena

510119697Analyzed
1v1 RM · 2d ago on Sep 29, 2026· 46m 41s· 2 players
Game mode
Random Map
Map size
Tiny (2 player)
Population
200
Speed
Normal
Resources
Standard
Victory
Conquest
Starting age
Dark Age
Ending age
Imperial Age
RankedLock teamsTeams togetherTeam positionsShared explorationLock speedFull tech treeHidden civsTurbo modeCheats
Victory
Defeat
🇦🇷 Spanish · Argentina
1063
+17
🇹🇼 Persians · Taiwan
1085
-17
MacFer90
10:57 Feudal Age
14:40 Castle Age
12:58 Double-Bit Axe
13:14 Horse Collar
15:52 Bow Saw
16:57 Loom
24:26 Heavy Plow
25:28 Wheelbarrow
24:38 Town Watch
27:05 Masonry
26:51 Stone Mining
26:52 Gold Mining
28:03 Forging
27:55 Scale Mail Armor
28:40 Squires
28:04 Pikeman
30:42 Iron Casting
30:23 Chain Mail Armor
33:24 Imperial Age
31:18 Hand Cart
32:47 Thumb Ring
32:03 Elite Skirmisher
33:33 Scale Barding Armor
33:19 Fletching
33:31 Halberdier
34:56 Plate Mail Armor
35:26 Blast Furnace
37:21 Two-Man Saw
36:51 Chain Barding Armor
37:45 Chemistry
42:03 Plate Barding Armor
41:29 Padded Archer Armor
41:25 Bodkin Arrow
43:09 Ballistics
43:20 Architecture
44:48 Bracer
45:04 Leather Archer Armor
46:30 Conscription
ray
11:02 Feudal Age
12:20 Loom
15:11 Castle Age
13:26 Double-Bit Axe
14:30 Stone Mining
21:24 Wheelbarrow
21:45 Town Watch
29:44 Imperial Age
28:27 Bow Saw
29:10 Bloodlines
29:28 Forging
29:49 Ballistics
32:23 Chemistry
31:18 Murder Holes
32:00 Conscription
32:43 Kamandaran
32:15 Crossbowman
36:26 Hand Cart
36:44 Thumb Ring
38:40 Fletching
39:25 Iron Casting
38:56 Scale Barding Armor
39:54 Light Cavalry
40:35 Husbandry
42:56 Bodkin Arrow
44:01 Blast Furnace
43:35 Pikeman
44:16 Squires
44:42 Horse Collar
45:16 Citadels
Connection lost

Rejoining the realm…

Still unreachable

The connection could not be restored.

Session expired

The server has moved on; the page needs a fresh start.